[Event "Titled Tuesday Blitz August 16 Early 2022"]
[White "Djokic, Mihailo"]
[Black "Przybylski, Wojciech"]
[WhiteFideId "976440"]
[BlackFideId "1117599"]
[WhiteElo "2246"]
[BlackElo "2133"]
[Result "0-1"]
[Round "03"]
[TimeControl "180+2"]
[Date "2022.08.18"]
[WhiteClock "0:00:00"]
[BlackClock "0:00:00"]

1. e4 c5 2. Nf3 e6 3. d4 cxd4 4. Nxd4 Nc6 5. Nc3 Qc7 6. Be2 a6 7. O-O Nf6 8. Be3 Be7 9. f4 d6 10. Kh1 O-O 11. Qe1 Nxd4 12. Bxd4 b5 13. a3 Bb7 14. Qg3 Rad8 15. Rae1 Rd7 16. Bf3 Re8 17. e5 dxe5 18. Bxe5 Qc8 19. Ne4 Bxe4 20. Bxe4 g6 21. Bd3 Nh5 22. Qg4 Bf6 23. Qh3 Bxe5 24. fxe5 Rd4 25. Qe3 Red8 26. Qg5 Qb7 27. Rf2 a5 28. Ref1 R8d7 29. Kg1 b4 30. axb4 axb4 31. b3 Qb6 32. Kh1 Qc7 33. Rf3 R4d5 34. Re1 Qd8 35. Qg4 Ng7 36. Rh3 h5 37. Qf4 Rd4 38. Qd2 R7d5 39. Rf3 Nf5 40. Qf2 Nh4 41. Rf4 Rxf4 42. Qxf4 Nf5 43. Qxb4 Qg5 44. Rg1 Ne3 45. Qe4 Rxe5 46. Qf3 Ng4 47. h3 Re3 48. Qa8+ Kg7 49. Rf1 Ne5 50. Qa7 h4 51. Qb7 Qg3 52. Be4 Qg5 53. Bf3 Rc3 54. Bd1 Rc5 55. Qe4 Rc3 56. Qf4 Qxf4 57. Rxf4 g5 58. Re4 Kf6 59. Kg1 Nc6 60. b4 Ne7 61. Re2 Nd5 62. b5 Rc4 63. Rf2+ Ke7 64. Rd2 Rb4 65. Be2 Rb1+ 66. Kf2 Nc3 67. Bc4 Ne4+ 68. Ke3 Nxd2 69. Kxd2 Kd6 70. Bd3 Rg1 71. Be4 Kc5 72. Bc6 Rf1 73. Ke2 Rf4 74. Kd3 f5 75. Bd7 e5 76. Kc3 e4 77. Kd2 Rf2+ 78. Ke3 Rxc2 79. Bxf5 Rc3+ 80. Kxe4 Kxb5 81. Bg4 Rc5 82. Kd4 Kc6 83. Ke4 Kd6 84. Be2 Re5+ 85. Kf3 Kd5 86. Bd3 Kd4 87. Bg6 Kd5 88. Bf7+ Kd6 89. Bg8 Ke7 90. Kg4 Kf6 91. Bb3 Re4+ 92. Kf3 Rb4 93. Bd1 Rf4+ 94. Ke3 Ke5 95. Bf3 Rb4 96. Bg4 Rb3+ 97. Kf2 Kf4 98. Be2 Rb2 99. Ke1 Kg3 100. Bf3 Rxg2 101. Bxg2 Kxg2 102. Ke2 Kxh3 103. Kf3 g4+ 104. Kf2 Kh2 105. Kf1 g3 106. Ke2 g2 107. Kf2 g1=Q+ 0-1


[Site "https://www.chess.com"]

[Event "Titled Tuesday Blitz August 16 Early 2022"]
[White "Dushyant Sharma"]
[Black "Pakleza, Zbigniew"]
[WhiteFideId "25065130"]
[BlackFideId "1119290"]
[WhiteElo "2133"]
[BlackElo "2411"]
[Result "0-1"]
[Round "03"]
[TimeControl "180+2"]
[Date "2022.08.18"]
[WhiteClock "0:00:00"]
[BlackClock "0:00:00"]

1. e4 d6 2. d4 Nf6 3. Nc3 c6 4. Bd3 e5 5. Nge2 Nbd7 6. O-O Be7 7. f4 O-O 8. Kh1 Re8 9. Qe1 Bf8 10. Bd2 exd4 11. Nxd4 Nc5 12. b4 Ncxe4 13. Nxe4 Nxe4 14. Bxe4 f5 15. Bd5+ cxd5 16. Qg3 Re4 17. c3 Qe8 18. Nf3 h6 19. Rae1 Bd7 20. Bc1 Bb5 21. Rg1 Qh5 22. Nd2 Rxe1 23. Rxe1 Re8 24. h3 Rxe1+ 25. Qxe1 Bd3 26. Nf1 Be4 27. Kh2 Qf7 28. Be3 d4 29. Bxd4 Qxa2 30. Nd2 d5 31. Qe3 b6 32. Be5 Qa4 33. Qd4 Qc6 34. c4 a5 35. b5 Qc5 36. Nxe4 dxe4 37. Qd8 a4 38. Qa8 a3 39. h4 Kh7 40. h5 Qe7 41. Qc6 Qf7 42. Kg1 Bc5+ 43. Bd4 Bxd4+ 44. Kh2 a2 45. c5 Qxh5+ 46. Kg3 Qg4+ 47. Kh2 Qh4# 0-1


[Site "https://www.chess.com"]

[Event "Titled Tuesday Blitz August 16 Early 2022"]
[White "Estrada Nieto, Julian"]
[Black "Johnson, Ben"]
[WhiteFideId "5101018"]
[BlackFideId "2010917"]
[WhiteElo "2252"]
[BlackElo "2050"]
[Result "1-0"]
[Round "03"]
[TimeControl "180+2"]
[Date "2022.08.18"]
[WhiteClock "0:00:00"]
[BlackClock "0:00:00"]

1. e4 c5 2. Nf3 Nc6 3. Bb5 g6 4. Bxc6 bxc6 5. O-O Bg7 6. Re1 Qc7 7. c3 d6 8. d4 cxd4 9. cxd4 Bg4 10. Be3 Nf6 11. Nbd2 O-O 12. Qc2 d5 13. Ne5 dxe4 14. Qxc6 Qxc6 15. Nxc6 Rfe8 16. Bg5 Bf5 17. h3 h5 18. Rac1 e6 19. b4 Nd5 20. Nxe4 Bxe4 21. Rxe4 f5 22. Ree1 f4 23. b5 a6 24. a4 axb5 25. axb5 Ra3 26. Ra1 Rb3 27. Rab1 Rxb1 28. Rxb1 Nc3 29. Rb4 Kf7 30. Kh2 f3 31. gxf3 Nd5 32. Rb3 Bf8 33. b6 Bd6+ 34. Ne5+ Kg7 35. b7 Rb8 36. Kg2 Nb4 37. Nc4 Bf8 38. Na5 Kf7 39. Bf4 1-0


[Site "https://www.chess.com"]

[Event "Titled Tuesday Blitz August 16 Early 2022"]
[White "Ezat, Mohamed"]
[Black "Munkhgal, Gombosuren"]
[WhiteFideId "10600906"]
[BlackFideId "4901266"]
[WhiteElo "2386"]
[BlackElo "2576"]
[Result "0-1"]
[Round "03"]
[TimeControl "180+1"]
[Date "2022.08.16"]
[WhiteClock "0:00:01"]
[BlackClock "0:00:05"]

1. d4 Nf6 2. c4 e6 3. Nf3 d5 4. Nc3 a6 5. cxd5 exd5 6. Bg5 Be6 7. e3 Nbd7 8. Bd3 c6 9. O-O Bd6 10. Rb1 Qc7 11. b4 O-O 12. h3 h6 13. Bxf6 Nxf6 14. Qc2 Qe7 15. a3 Rfe8 16. Na4 Rad8 17. Nc5 Bc8 18. a4 Ne4 19. Rfc1 f5 20. b5 axb5 21. axb5 f4 22. exf4 Nxc5 23. dxc5 Bxf4 24. Re1 Qf6 25. bxc6 bxc6 26. Bg6 Rf8 27. Qd3 Bc7 28. Re3 Bf4 29. Re2 Bc7 30. Rbe1 Ba5 31. Rb1 Bc3 32. Rb8 Ba6 33. Qxa6 Rxb8 34. Bc2 Rbe8 35. Qd3 Rxe2 36. Qxe2 g6 37. Qe3 Kg7 38. h4 h5 39. Ng5 Rf7 40. Nxf7 Kxf7 41. Qg3 Bd4 42. Qc7+ Kg8 43. Qg3 Kg7 44. Qc7+ Kh6 45. Qg3 Bxc5 46. Kf1 Bd6 47. Qe3+ Bf4 48. Qe8 c5 49. Qe2 c4 50. Qf3 d4 51. g3 d3 0-1


[Site "https://www.chess.com"]

[Event "Titled Tuesday Blitz August 16 Early 2022"]
[White "Fernandez, Fernando"]
[Black "Fernandez Siles, Luis"]
[WhiteFideId "3802299"]
[BlackFideId "2209420"]
[WhiteElo "2292"]
[BlackElo "2211"]
[Result "1-0"]
[Round "03"]
[TimeControl "180+2"]
[Date "2022.08.18"]
[WhiteClock "0:00:00"]
[BlackClock "0:00:00"]

1. e4 c5 2. Nc3 Nc6 3. Nf3 e5 4. Bc4 g6 5. d3 h6 6. a4 Bg7 7. Nd5 Nge7 8. c3 d6 9. Bd2 Nxd5 10. Bxd5 Ne7 11. Bc4 d5 12. Bb5+ Bd7 13. Qb3 a6 14. Bxd7+ Qxd7 15. Rd1 O-O 16. O-O b5 17. exd5 Qxd5 18. Qxd5 Nxd5 19. Rfe1 Rfe8 20. Ra1 b4 21. cxb4 cxb4 22. Rac1 Rac8 23. Rc4 Rxc4 24. dxc4 Nb6 25. b3 a5 26. Be3 Nd7 27. Rd1 Nf6 28. Bb6 e4 29. Ne1 Ng4 30. Bxa5 e3 31. fxe3 Nxe3 32. Rd3 Nxc4 33. Bxb4 Ne5 34. Rd1 Rb8 35. Nc2 Nc6 36. Be1 Rxb3 37. h3 Rb2 38. Rc1 Nd4 39. Nxd4 Bxd4+ 40. Kf1 Ra2 41. Rc4 Be3 42. g4 Bg5 43. h4 Bf6 44. h5 Kg7 45. Rc6 g5 46. Rc4 Ra1 47. Ke2 Ra2+ 48. Kf1 Ra1 49. Ke2 Ra2+ 50. Bd2 Be7 51. Kd3 Ba3 52. Rc2 Ra1 53. Bc3+ 1-0


[Site "https://www.chess.com"]

[Event "Titled Tuesday Blitz August 16 Early 2022"]
[White "Fernandez Hernandez, Gerardo"]
[Black "Zherebtsova, Alexandra"]
[WhiteFideId "2207400"]
[BlackFideId "24129518"]
[WhiteElo "2169"]
[BlackElo "2025"]
[Result "0-1"]
[Round "03"]
[TimeControl "180+2"]
[Date "2022.08.18"]
[WhiteClock "0:00:00"]
[BlackClock "0:00:00"]

1. e4 e5 2. Nf3 Nc6 3. Bc4 Nf6 4. Ng5 d5 5. exd5 Na5 6. Bb5+ c6 7. dxc6 bxc6 8. Qf3 Be7 9. Nc3 Bg4 10. Qg3 cxb5 11. Qxe5 a6 12. O-O O-O 13. d4 Nc4 14. Qe1 Bb4 15. b3 Re8 16. Be3 Nxe3 17. fxe3 Rc8 18. Qh4 h6 19. Rxf6 Qxf6 20. Qxg4 Qxg5 21. Qxg5 hxg5 22. Nd5 Bd6 0-1


[Site "https://www.chess.com"]

[Event "Titled Tuesday Blitz August 16 Early 2022"]
[White "Filippova, Margarita"]
[Black "Vlassov, Nikolai"]
[WhiteFideId "34199680"]
[BlackFideId "4103360"]
[WhiteElo "1734"]
[BlackElo "2324"]
[Result "0-1"]
[Round "03"]
[TimeControl "180+2"]
[Date "2022.08.18"]
[WhiteClock "0:00:00"]
[BlackClock "0:00:00"]

1. Nf3 c5 2. c4 g6 3. Nc3 Bg7 4. d4 cxd4 5. Nxd4 Nc6 6. e3 Nf6 7. Be2 O-O 8. O-O b6 9. Bf3 Bb7 10. Qe2 Rc8 11. Rd1 Nxd4 12. exd4 Bxf3 13. gxf3 d5 14. cxd5 Nxd5 15. Nxd5 Qxd5 16. Be3 Rfd8 17. Rac1 Rxc1 18. Rxc1 Qxa2 19. Rc7 Qe6 20. Qd2 a5 21. Qc3 Qd6 22. Rc6 Qd5 23. Rxb6 Qxf3 24. Qc7 Qg4+ 25. Kf1 Rc8 26. Rb8 Rxb8 27. Qxb8+ Bf8 28. Qb5 Qd1+ 29. Kg2 a4 30. Qb8 Qb3 31. Qa8 e6 32. Kg1 g5 33. Qd8 h6 34. h4 Qd1+ 35. Kh2 Qh5 36. d5 Qxh4+ 37. Kg1 Qg4+ 38. Kh2 Kg7 39. dxe6 Qxe6 40. Bd4+ f6 41. Qc7+ Kg6 42. Qc2+ f5 43. Qxa4 Bd6+ 44. Kg1 Qe1+ 45. Kg2 Qe4+ 46. Kg1 Kh5 47. Qd1+ g4 48. Bf6 Qf4 49. Qe2 Qh2+ 50. Kf1 Qh1# 0-1


[Site "https://www.chess.com"]

[Event "Titled Tuesday Blitz August 16 Early 2022"]
[White "Floresvillar Gonzalez, Luis Migu"]
[Black "Cannon, David"]
[WhiteFideId "5100542"]
[BlackFideId "3213110"]
[WhiteElo "2040"]
[BlackElo "1901"]
[Result "1-0"]
[Round "03"]
[TimeControl "180+2"]
[Date "2022.08.18"]
[WhiteClock "0:00:00"]
[BlackClock "0:00:00"]

1. d4 d5 2. c3 Nf6 3. Bg5 e6 4. Nd2 Be7 5. Ngf3 O-O 6. e3 b6 7. Bd3 Ba6 8. Qc2 Bxd3 9. Qxd3 Nbd7 10. O-O c5 11. Rae1 h6 12. Bh4 cxd4 13. exd4 Ng4 14. Bxe7 Qxe7 15. h3 Ngf6 16. Ne5 Nxe5 17. Rxe5 b5 18. a3 a5 19. b4 axb4 20. axb4 Ra3 21. Re3 Qb7 22. Rc1 Rfa8 23. g3 Qc6 24. Kg2 Nd7 25. Nf3 Rc8 26. Ne5 Nxe5 27. dxe5 Qc4 28. Qxc4 Rxc4 29. Rc2 d4 30. Rd3 Raxc3 31. Rdxc3 Rxc3 32. Rd2 Rc4 33. Rb2 f6 34. exf6 gxf6 35. Kf3 Kf7 36. Ke4 Ke7 37. f4 Kd6 38. g4 e5 39. fxe5+ fxe5 40. h4 Rc3 41. g5 hxg5 42. hxg5 Re3+ 43. Kf5 Rf3+ 44. Kg4 Rf4+ 45. Kh5 e4 46. g6 Ke7 47. Rg2 Kf8 48. g7+ Kg8 49. Kg5 Rf1 50. Kg6 d3 51. Rg4 d2 52. Rxe4 Rg1+ 53. Kf6 d1=Q 54. Re8+ Kh7 55. Rh8# 1-0


[Site "https://www.chess.com"]

[Event "Titled Tuesday Blitz August 16 Early 2022"]
[White "Fus, Jakub"]
[Black "Seliverstov, Vladimir"]
[WhiteFideId "1193023"]
[BlackFideId "4192036"]
[WhiteElo "2220"]
[BlackElo "2489"]
[Result "0-1"]
[Round "03"]
[TimeControl "180+1"]
[Date "2022.08.16"]
[WhiteClock "0:00:12"]
[BlackClock "0:00:08"]

1. Nf3 g6 2. d4 Bg7 3. e4 d6 4. Bc4 Nf6 5. Qe2 O-O 6. O-O c6 7. e5 dxe5 8. dxe5 Nd5 9. h3 Qc7 10. Rd1 Bf5 11. Bb3 Nd7 12. c4 N5b6 13. Bf4 Nc5 14. Bc2 Bxc2 15. Qxc2 Rad8 16. Nbd2 Nd3 17. Bg3 Nxe5 18. Re1 Nxf3+ 19. Nxf3 Qd7 20. Rad1 Qe8 21. Bd6 Rd7 22. Bc5 Rxd1 23. Qxd1 Nxc4 24. Bxe7 Nxb2 25. Qb3 b5 26. Ba3 Qd7 27. Bxb2 Bxb2 28. Qxb2 Rd8 29. Qf6 Re8 30. Rxe8+ Qxe8 31. Ne5 c5 32. Qd6 c4 33. Qd5 c3 34. f4 b4 35. Qb3 Qe7 36. Kf2 Qc7 37. Qc2 Qc5+ 38. Ke2 Qd5 39. Nf3 Qc4+ 40. Ke3 a5 41. Nd4 h5 42. Qb3 Qf1 43. Qc2 h4 44. f5 g5 45. Ke4 Qe1+ 46. Kd5 Kg7 47. Kc5 Qe5+ 48. Kc4 Qf4 49. Kc5 Kf6 50. Kc4 g4 51. a3 Qc7+ 52. Kb3 Qd7 53. axb4 Qxd4 54. Qxc3 Qxc3+ 55. Kxc3 axb4+ 56. Kxb4 Kxf5 57. Kc3 Kf4 58. hxg4 Kg3 59. Kd3 Kxg2 60. g5 h3 61. g6 fxg6 62. Ke3 h2 63. Kf4 h1=Q 64. Kg5 Qh5+ 0-1


[Site "https://www.chess.com"]

[Event "Titled Tuesday Blitz August 16 Early 2022"]
[White "Gabdrakhmanov, Azat"]
[Black "Girinath, P.D.S."]
[WhiteFideId "34189197"]
[BlackFideId "5000572"]
[WhiteElo "2293"]
[BlackElo "2369"]
[Result "1-0"]
[Round "03"]
[TimeControl "180+2"]
[Date "2022.08.18"]
[WhiteClock "0:00:00"]
[BlackClock "0:00:00"]

1. e4 e6 2. d4 d5 3. e5 c5 4. c3 Nc6 5. Nf3 Nh6 6. a3 f6 7. Bb5 Nf7 8. Bf4 Bd7 9. Bxc6 Bxc6 10. exf6 gxf6 11. O-O Bd6 12. Qd2 Qc7 13. Bxd6 Qxd6 14. dxc5 Qxc5 15. Nd4 e5 16. b4 Qb6 17. Nxc6 Qxc6 18. Qd3 O-O-O 19. Nd2 Rhg8 20. g3 Kb8 21. Rad1 d4 22. cxd4 Ng5 23. h4 Rxd4 24. Qb3 Ne6 25. b5 Qd5 26. Qxd5 Rxd5 27. Ne4 Rxb5 28. Nxf6 Rg7 29. Rd6 Nd4 30. Kg2 a6 31. Rc1 Ka7 32. Ne4 Nf5 33. Rd3 Nxh4+ 34. Kf1 Nf5 35. Kg2 Ra5 36. Rc8 Nd4 37. Re8 Rc7 38. Nf6 Rc2 39. Ng4 Nc6 40. Re3 Ra4 41. Nxe5 Nxe5 42. R8xe5 Ra2 43. Re7 R2xa3 44. Rxa3 Rxa3 45. Rxh7 a5 46. g4 a4 47. g5 Rc3 48. g6 Rc8 49. f4 a3 50. Rh1 Kb6 51. Ra1 Rf8 52. Kg3 Rg8 53. f5 1-0


[Site "https://www.chess.com"]

[Event "Titled Tuesday Blitz August 16 Early 2022"]
[White "Goldin, Roman"]
[Black "Dounis, Alexandros"]
[WhiteFideId "2803860"]
[BlackFideId "4213238"]
[WhiteElo "2312"]
[BlackElo "2204"]
[Result "0-1"]
[Round "03"]
[TimeControl "180+2"]
[Date "2022.08.18"]
[WhiteClock "0:00:00"]
[BlackClock "0:00:00"]

1. Nf3 Nf6 2. g3 g6 3. Bg2 Bg7 4. O-O O-O 5. d4 d5 6. c4 c6 7. Nc3 dxc4 8. Ne5 Nfd7 9. Nxc4 Nb6 10. Na5 Qxd4 11. Qb3 Be6 12. Qa3 Nc4 13. Nxc4 Qxc4 14. Qxe7 Nd7 15. Bd2 Rfe8 16. Qg5 h6 17. Qa5 b6 18. Qa4 Qxa4 19. Nxa4 Rac8 20. Bc3 Bc4 21. Rfd1 Ne5 22. Bxe5 Bxe5 23. Rd7 b5 24. Nc3 b4 25. Nd1 Bxe2 26. Rxa7 Bd4 27. Rd7 c5 28. Bd5 Rf8 29. Rc1 Kg7 30. Kg2 Rcd8 31. Rxd8 Rxd8 32. Bf3 Bb5 33. b3 Re8 34. Rc2 Re1 35. Ne3 Ra1 36. Nc4 Kf6 37. h3 h5 38. Be2 Bc6+ 39. Bf3 Bd7 40. h4 Bf5 41. Rd2 Bc3 42. Re2 Kg7 43. Be4 Bxe4+ 44. Rxe4 Rxa2 45. Re7 Rc2 46. Nd6 Kf6 47. Rxf7+ Ke6 0-1


[Site "https://www.chess.com"]

[Event "Titled Tuesday Blitz August 16 Early 2022"]
[White "Goltseva, Ekaterina"]
[Black "Marin Ramirez, Gerardo"]
[WhiteFideId "24173770"]
[BlackFideId "3901068"]
[WhiteElo "2086"]
[BlackElo "1920"]
[Result "1-0"]
[Round "03"]
[TimeControl "180+2"]
[Date "2022.08.18"]
[WhiteClock "0:00:00"]
[BlackClock "0:00:00"]

1. d4 d5 2. c4 c6 3. cxd5 cxd5 4. Bf4 Nf6 5. Nc3 a6 6. e3 Bf5 7. Qb3 b5 8. a4 Qa5 9. Rc1 b4 10. Na2 Nbd7 11. Bc7 Nb6 12. Qxb4 Qxb4+ 13. Nxb4 Nxa4 14. b3 Nb2 15. Kd2 Kd7 16. Bxa6 e5 17. Bb5+ Ke6 18. Rc6+ Kd7 19. Rxf6+ Kxc7 20. Rxf5 Bxb4+ 21. Kc2 Ra2 22. Kb1 Ra5 23. Rxf7+ Kb6 24. Kxb2 Kxb5 25. Rb7+ Ka6 26. Rxb4 1-0


[Site "https://www.chess.com"]

[Event "Titled Tuesday Blitz August 16 Early 2022"]
[White "Grandelius, Nils"]
[Black "Tologon tegin, Semetei"]
[WhiteFideId "1710400"]
[BlackFideId "13800574"]
[WhiteElo "2617"]
[BlackElo "2174"]
[Result "1-0"]
[Round "03"]
[TimeControl "180+1"]
[Date "2022.08.16"]
[WhiteClock "0:00:29"]
[BlackClock "0:00:09"]

1. Nf3 c5 2. e3 b6 3. d4 Bb7 4. d5 e6 5. c4 exd5 6. cxd5 Nf6 7. Nc3 d6 8. e4 g6 9. Bf4 a6 10. a4 Nh5 11. Bg5 Be7 12. Bh6 Bf8 13. Be3 Bg7 14. Be2 O-O 15. O-O Nd7 16. Nd2 Nhf6 17. Nc4 Ne8 18. Bf4 Qe7 19. Qb3 Rb8 20. Rfe1 Bc8 21. Bg4 h5 22. Bxd7 Bxd7 23. e5 b5 24. axb5 Bxb5 25. exd6 Qd7 26. Ne4 Qf5 27. Bg3 Qxd5 28. d7 Bxd7 29. Qxb8 Qxc4 30. Rac1 Qd4 31. Rcd1 Nf6 32. Qa7 Qb4 33. Nxf6+ Bxf6 34. Qxd7 Rd8 35. Re8+ Kg7 36. Rxd8 Bxd8 37. Qxd8 1-0


[Site "https://www.chess.com"]

[Event "Titled Tuesday Blitz August 16 Early 2022"]
[White "Gubajdullin, Alexei"]
[Black "Ciuffoletti, Paolo"]
[WhiteFideId "4141202"]
[BlackFideId "807630"]
[WhiteElo "2214"]
[BlackElo "2143"]
[Result "1-0"]
[Round "03"]
[TimeControl "180+2"]
[Date "2022.08.18"]
[WhiteClock "0:00:00"]
[BlackClock "0:00:00"]

1. Nf3 d5 2. g3 g6 3. Bg2 Bg7 4. O-O Nf6 5. c4 c6 6. d4 dxc4 7. Na3 Be6 8. Ng5 Bc8 9. Nxc4 Nbd7 10. Qb3 O-O 11. Ne5 Nxe5 12. dxe5 Nd5 13. e4 Nc7 14. Rd1 Qe8 15. f4 h6 16. Nf3 b6 17. Be3 Be6 18. Qc2 c5 19. f5 Bd7 20. Rd2 Bc6 21. Rad1 Qc8 22. e6 fxe6 23. fxg6 Qb7 24. Nh4 Nb5 25. Qc4 Nd4 26. Nf5 Nxf5 27. Qxe6+ Kh8 28. exf5 Bxg2 29. Rxg2 Rad8 30. Rf1 Rd3 31. f6 1-0


[Site "https://www.chess.com"]

[Event "Titled Tuesday Blitz August 16 Early 2022"]
[White "Hansen, Eric"]
[Black "Rostovtsev, Dmitry"]
[WhiteFideId "2606771"]
[BlackFideId "34278320"]
[WhiteElo "2568"]
[BlackElo "2295"]
[Result "1-0"]
[Round "03"]
[TimeControl "180+1"]
[Date "2022.08.16"]
[WhiteClock "0:00:21"]
[BlackClock "0:00:14"]

1. e4 e5 2. Nf3 Nc6 3. Bb5 a6 4. Ba4 Nf6 5. O-O Be7 6. Re1 b5 7. Bb3 O-O 8. h3 d6 9. c3 Bb7 10. d4 Re8 11. Ng5 Rf8 12. Nf3 Re8 13. a4 Bf8 14. d5 Nb8 15. axb5 axb5 16. Rxa8 Bxa8 17. Na3 c6 18. Bg5 Nbd7 19. dxc6 Bxc6 20. Nc2 h6 21. Nb4 Bb7 22. Bxf6 Nxf6 23. Nd5 Nxd5 24. Bxd5 Bxd5 25. Qxd5 Qa8 26. Qxb5 Rb8 27. Qe2 Qa2 28. b4 Qa3 29. Qd2 Rc8 30. Rc1 d5 31. Rc2 dxe4 32. Nxe5 Qb3 33. Rc1 Qa3 34. b5 Bb4 35. Nc6 Bc5 36. Re1 Re8 37. Kh1 Qb3 38. Qd7 Re6 39. Rf1 Qxb5 40. Ne7+ Bxe7 41. Qxb5 Bf6 42. c4 Bd4 43. c5 Re5 44. Qb8+ Kh7 45. c6 Rc5 46. c7 1-0


[Site "https://www.chess.com"]

[Event "Titled Tuesday Blitz August 16 Early 2022"]
[White "Harsh Suresh"]
[Black "Ajay Krishna, S"]
[WhiteFideId "45018464"]
[BlackFideId "5096430"]
[WhiteElo "2070"]
[BlackElo "2247"]
[Result "1-0"]
[Round "03"]
[TimeControl "180+2"]
[Date "2022.08.18"]
[WhiteClock "0:00:00"]
[BlackClock "0:00:00"]

1. d4 Nf6 2. Nf3 g6 3. Nc3 d5 4. Bf4 Bg7 5. Nb5 Na6 6. e3 O-O 7. Be2 Ne4 8. a4 c6 9. Nc3 Nxc3 10. bxc3 f6 11. O-O Re8 12. Bg3 e5 13. dxe5 fxe5 14. e4 Nc5 15. exd5 e4 16. Nd4 cxd5 17. Nb5 Be5 18. Bxe5 Rxe5 19. Qd4 Qe7 20. c4 dxc4 21. Bxc4+ Kg7 22. f4 exf3 23. Rae1 Nd7 24. Rxf3 Qc5 25. Rf7+ Kh6 26. Rd1 Qxd4+ 27. Rxd4 Nb6 28. Bd3 Be6 29. Rh4+ Kg5 30. Rfxh7 Rf8 31. h3 Nd5 32. Re4 Rxe4 33. Bxe4 Nf6 34. Re7 Bd7 35. Bxb7 Bxb5 36. axb5 Nh5 37. Bf3 Nf4 38. Rxa7 Nxh3+ 39. gxh3 Rxf3 40. b6 Rf6 41. b7 Rb6 42. c4 Rb2 43. c5 Kh4 44. c6 Kxh3 45. Ra3+ Kg4 46. c7 Rb1+ 47. Kf2 Rb2+ 48. Ke1 Rxb7 49. c8=Q+ Kh5 50. Qxb7 g5 51. Rh3+ Kg6 52. Qe4+ Kf6 53. Rh6+ Kg7 54. Qh7+ Kf8 55. Rg6 Ke8 56. Rg8# 1-0


[Site "https://www.chess.com"]

[Event "Titled Tuesday Blitz August 16 Early 2022"]
[White "Harshavardhan G B"]
[Black "Salem, A.R. Saleh"]
[WhiteFideId "25059009"]
[BlackFideId "9301348"]
[WhiteElo "1890"]
[BlackElo "2674"]
[Result "0-1"]
[Round "03"]
[TimeControl "180+1"]
[Date "2022.08.16"]
[WhiteClock "0:00:05"]
[BlackClock "0:00:09"]

1. d4 d5 2. c4 e6 3. Nc3 Nf6 4. cxd5 exd5 5. Bg5 c6 6. e3 h6 7. Bh4 Bd6 8. Bd3 O-O 9. Nge2 Re8 10. O-O Bxh2+ 11. Kxh2 Ng4+ 12. Kg3 g5 13. Nf4 gxh4+ 14. Kf3 Qg5 15. Rh1 Nxe3 16. fxe3 Qg3+ 17. Ke2 Bg4+ 18. Kf1 Bxd1 19. Rh3 Qg5 20. Rxd1 Nd7 21. Kf2 Nf6 22. Be2 Rxe3 23. Kxe3 Re8+ 24. Kd2 Qxf4+ 25. Kc2 Ne4 26. Bd3 Ng5 27. Rhh1 Re3 28. Rhf1 Qg4 29. Rd2 Ne4 30. Bxe4 dxe4 31. Rdf2 Qg6 32. Kb3 Rg3 33. Rf6 Qg7 34. Rd6 Rxg2 35. Nxe4 Rg6 36. Nf6+ Rxf6 37. Rdxf6 h3 38. R6f3 h2 39. Rh1 Qg2 40. Rff1 Kf8 41. Kc3 Ke7 42. a4 a5 43. b3 f5 44. Kd3 f4 45. Re1+ Kd6 46. Ref1 f3 47. Ke3 Kd5 48. Rc1 b6 49. Rce1 h5 50. Kd3 h4 51. Re5+ Kd6 52. Ree1 h3 53. Ref1 f2 54. Ke3 Kd5 55. Ke2 Ke4 56. Kd2 Kxd4 57. Ke2 Kc5 58. Kd2 Kb4 59. Kc2 Qe4+ 60. Kd2 Qd5+ 61. Ke2 Qg2 62. Ke3 Kxb3 63. Kd4 Qg4+ 64. Ke3 Qg3+ 65. Kd4 Qf4+ 66. Kd3 Kxa4 67. Rb1 Qf5+ 68. Kc3 Qc5+ 69. Kd3 Qd5+ 70. Kc3 Qf3+ 71. Kc4 Qe4+ 72. Kc3 Qe5+ 73. Kd3 b5 74. Rhc1 b4 75. Kc4 Qe4+ 76. Kc5 Qd5+ 77. Kb6 Qb5+ 78. Kc7 b3 79. Rxc6 Qe5+ 80. Kb7 Qb5+ 81. Kc7 f1=Q 0-1


[Site "https://www.chess.com"]

[Event "Titled Tuesday Blitz August 16 Early 2022"]
[White "Horak, Martin"]
[Black "Shapiro, Daniel"]
[WhiteFideId "367095"]
[BlackFideId "2001780"]
[WhiteElo "1997"]
[BlackElo "2284"]
[Result "0-1"]
[Round "03"]
[TimeControl "180+2"]
[Date "2022.08.18"]
[WhiteClock "0:00:00"]
[BlackClock "0:00:00"]

1. e4 c5 2. Nf3 e6 3. d4 cxd4 4. Nxd4 a6 5. Bd3 g6 6. O-O Bg7 7. Nb3 Ne7 8. Nc3 Nbc6 9. Bf4 d5 10. exd5 Nxd5 11. Nxd5 Qxd5 12. c4 Qd8 13. Qe2 b6 14. Rad1 Qe7 15. Be4 Bb7 16. Bd6 Qf6 17. Rd2 Rd8 18. Rfd1 Rd7 19. c5 Qd8 20. cxb6 Qxb6 21. Bc5 Rxd2 22. Qxd2 Qc7 23. Bd6 Qb6 24. Nc5 Ba8 25. b3 Nd4 26. Bxa8 Qxd6 27. Be4 Qxc5 28. Rc1 Qd6 0-1


[Site "https://www.chess.com"]

[Event "Titled Tuesday Blitz August 16 Early 2022"]
[White "Ianov, Viktor"]
[Black "Nathan, Nitish"]
[WhiteFideId "14102730"]
[BlackFideId "30927870"]
[WhiteElo "2152"]
[BlackElo "1813"]
[Result "1-0"]
[Round "03"]
[TimeControl "180+2"]
[Date "2022.08.18"]
[WhiteClock "0:00:00"]
[BlackClock "0:00:00"]

1. Nf3 d5 2. g3 Nc6 3. Bg2 e5 4. d3 Nf6 5. O-O Be7 6. c4 Be6 7. Ng5 O-O 8. Nxe6 fxe6 9. Nc3 Bb4 10. cxd5 exd5 11. Bg5 Bxc3 12. bxc3 Qd6 13. Qb3 Na5 14. Qa4 Nc6 15. Bxf6 gxf6 16. Qb5 Rfd8 17. Qxb7 Rab8 18. Qa6 Nd4 19. Qxd6 Nxe2+ 20. Kh1 Rxd6 21. c4 dxc4 22. dxc4 Nd4 23. Rab1 Rxb1 24. Rxb1 Rb6 25. Rd1 Rb2 26. c5 Rxf2 27. Rb1 c6 28. Rb8+ Kg7 29. Rb7+ Kg6 30. Rxa7 f5 31. a4 e4 32. Rd7 e3 33. Re7 e2 34. Kg1 e1=Q+ 35. Rxe1 Ra2 36. Bxc6 Nxc6 37. Re6+ Kf7 38. Rxc6 Rxa4 39. Kg2 Rc4 40. Kf3 h5 41. h4 Ke7 42. Rc8 Kf6 43. c6 Ke5 44. c7 Kd6 45. Rf8 Rxc7 46. Rxf5 Rh7 47. Kf4 Ke6 48. Rf8 Ke7 49. Ra8 Kf6 50. Ra6+ Kf7 51. Ra7+ Kg6 52. Rxh7 Kxh7 53. Kg5 Kg7 54. Kxh5 Kh7 55. g4 Kg7 56. g5 Kh7 57. Kg4 Kg7 58. h5 Kh7 59. Kf5 Kg7 60. h6+ Kh7 61. Kf6 Kg8 62. g6 Kh8 63. Ke7 Kg8 64. Ke6 Kf8 65. g7+ Kg8 66. Ke7 Kh7 67. Kf7 Kxh6 68. g8=Q Kh5 69. Qg3 Kh6 70. Qg6# 1-0


[Site "https://www.chess.com"]

[Event "Titled Tuesday Blitz August 16 Early 2022"]
[White "Ibarra Jerez, Jose Carlos"]
[Black "Yurovskykh, Oleksandr"]
[WhiteFideId "2226332"]
[BlackFideId "14134020"]
[WhiteElo "2628"]
[BlackElo "2292"]
[Result "1-0"]
[Round "03"]
[TimeControl "180+1"]
[Date "2022.08.16"]
[WhiteClock "0:01:55"]
[BlackClock "0:00:31"]

1. e4 d5 2. exd5 Qxd5 3. Nc3 Qd8 4. Bc4 c5 5. Nf3 Nc6 6. O-O Nf6 7. h3 e6 8. Re1 Be7 9. b3 O-O 10. Bb2 b6 11. a4 Bb7 12. d3 Rc8 13. Qe2 a6 14. Rad1 Nd4 15. Nxd4 cxd4 16. Ne4 Qd7 17. b4 b5 18. axb5 axb5 19. Bb3 Bxb4 20. Nxf6+ gxf6 21. Qg4+ Kh8 22. Bxd4 Bc3 23. Bxc3 Rxc3 24. Qh4 Qd8 25. Re3 f5 26. Qb4 Qf6 27. Qxf8# 1-0


[Site "https://www.chess.com"]

[Event "Titled Tuesday Blitz August 16 Early 2022"]
[White "Issabayev, Dias"]
[Black "Bashirli, Saadat"]
[WhiteFideId "13703110"]
[BlackFideId "13429990"]
[WhiteElo "2235"]
[BlackElo "1567"]
[Result "1-0"]
[Round "03"]
[TimeControl "180+2"]
[Date "2022.08.18"]
[WhiteClock "0:00:00"]
[BlackClock "0:00:00"]

1. e4 c5 2. Nf3 Nc6 3. Nc3 d6 4. d4 cxd4 5. Nxd4 Nf6 6. f3 Bd7 7. Be3 Qa5 8. Qd2 O-O-O 9. Nb3 Qb4 10. a3 Nxe4 11. fxe4 Qxb3 12. cxb3 Bg4 13. Be2 Bxe2 1-0


[Site "https://www.chess.com"]